 Dungeon Crawl Stone Soup version 0.30.1 (webtiles) character file.

Game seed: 11749420933152819580

4314 DwarfAlpaca the Thaumaturge (level 10, -6/60 HPs)
             Began as a Djinni Conjurer on July 12, 2023.
             Was a Priest of the Shining One.
             Shot with an arrow by a centaur (9 damage)
             ... on level 8 of the Dungeon.
             The game lasted 00:46:01 (6495 turns).

DwarfAlpaca the Thaumaturge (Djinni Conjurer)       Turns: 6495, Time: 00:46:01

Health: -6/60      AC:  7    Str:  6    XL:     10   Next: 58%
Gold:   471        EV: 12    Int: 25    God:    the Shining One [***...] SH:  0 Dex: 11

rFire   + + .        a - +5 scimitar
rCold   x . .        (no shield)
rNeg    + . .        I - +0 steam dragon scales
rPois   ∞            (no helmet)
rElec   .            u - +0 cloak
rCorr   .            j - +0 pair of gloves
SInv    .            (boots unavailable)
Will    ++...        (no amulet)
Stlth   +            H - ring of willpower
HPRegen 0.30/turn    (no ring)
MPRegen 0.00/turn

%: infuse magic (-7 HP)
@: flying, glowing
A: sickness immunity, fire resistance 2, cold vulnerability 1, float, innate
caster, HP casting, extra vitality 1
a: Renounce Religion, Divine Shield, Cleansing Flame


You were on level 8 of the Dungeon.
You worshipped the Shining One.
The Shining One was most pleased with you.
You visited 2 branches of the dungeon, and saw 9 of its levels.
You also visited: Ossuary.

You collected 471 gold pieces.

Inventory:

Hand Weapons
 a - a +5 scimitar (weapon)
Armour
 j - a +0 pair of gloves (worn)
 u - a +0 cloak (worn)
 I - +0 steam dragon scales (worn)
Jewellery
 H - a ring of willpower (left hand)
Wands
 o - a wand of mindburst (8)
 w - a wand of roots (11)
 y - a wand of polymorph (13)
 C - a wand of paralysis (10)
Scrolls
 d - a scroll of immolation {unknown}
 f - 11 scrolls of identify {unknown}
 h - 2 scrolls of enchant armour {unknown}
 i - 4 scrolls of fog {unknown}
 l - a scroll of blinking {unknown}
 m - 5 scrolls of teleportation {unknown}
 q - a scroll of vulnerability {unknown}
 r - a scroll of torment {unknown}
 s - 3 scrolls of enchant weapon {unknown}
 v - a scroll of fear {unknown}
 x - 2 scrolls of noise {unknown}
 D - 2 scrolls of poison {unknown}
 F - a scroll of magic mapping {unknown}
 G - a scroll of summoning {unknown}
Potions
 b - 2 potions of ambrosia {unknown}
 c - 4 potions of heal wounds {unknown}
 e - 2 potions of attraction {unknown}
 g - 5 potions of might {unknown}
 k - a potion of cancellation {unknown}
 n - 2 potions of brilliance {unknown}
 p - 2 potions of mutation {unknown}
 t - 7 potions of curing {unknown}
 z - a potion of magic {unknown}
 A - a potion of degeneration {unknown}
 B - 2 potions of lignification {unknown}
 E - a potion of haste {unknown}
Miscellaneous
 J - a condenser vane


   Skills:
 - Level 2.1 Dodging
 - Level 1.5 Stealth
 + Level 11.8 Spellcasting


You knew the following spells:

 Your Spells              Type           Power      Damage    Failure   Level
a - Magic Dart            Conj           100%       1d8       1%          1
b - Searing Ray           Conj           100%       2d8       1%          2
c - Dazzling Flash        Conj/Hex       100%       N/A       1%          3
d - Fulminant Prism       Conj/Hex       32%        3d15      1%          4
e - Iskenderun's Mystic   Conj/Tloc      65%        2d13      1%          4
f - Necrotise             Necr           100%       1d9       1%          1
g - Poisonous Vapours     Pois/Air       100%       N/A       1%          2
h - Static Discharge      Conj/Air       100%       2-7/arc   1%          2
i - Passage of Golubria   Tloc           65%        N/A       1%          4
Your spell library was empty.

Dungeon Overview and Level Annotations

Branches:
Dungeon (8/15)             Temple (1/1) D:4         Ossuary (visited)
   Lair: D:8-11

Altars:
Ashenzari
Elyvilon
Fedhas
Gozag
Hepliaklqana
Makhleb
Nemelex Xobeh
Okawaru
Qazlal
Ru
Trog
Uskayaw
Wu Jian
Zin
The Shining One

Shops:
D:2 *   D:6 [


Innate Abilities, Weirdness & Mutations

You are immune to sickness and miasma.
You are immune to poison.
Your flesh is very heat resistant. (rF++)
You are vulnerable to cold. (rC-)
You float through the air rather than walking.
You learn spells naturally, not from books.
Your magical power is your life essence.
You have superior vitality. (+4 MHP)


Message History

The ogre shouts!
You hear a shout!
The ogre hits you with a +0 giant spiked club!!
Things that are here:
a +0 giant spiked club; an ogre corpse You hit the plant.
The plant begins to die.
The plant is lightly damaged.
The ogre closely misses you.
A nearby plant withers and dies.
The ogre misses you.
A centaur comes into view.
The centaur shouts!
There is a large open door here.
Things that are here:
a +0 whip; a +0 ring mail The ogre attacks as you move away!
The ogre hits you with a +0 giant spiked club!!
The centaur wields a +0 shortbow.
The centaur shoots an arrow.
The arrow barely misses you.
There is an open door here.
The centaur shoots an arrow.
The arrow closely misses you.
You hear a shout!
The centaur shoots an arrow.
The arrow hits you.
The centaur shoots an arrow.
The arrow hits you!
* * * LOW HITPOINT WARNING * * *
The centaur shoots an arrow.
The arrow misses you.
Things that are here:
a +0 long sword; a +0 plate armour
Casting: Poisonous Vapours (safe; 1% risk of failure)
Confirm with . or Enter, or press ? or * to list all spells.
You erupt in a blast of force!
The mystic blast hits the ogre!
The ogre is moderately wounded.
The ogre is knocked back by the mystic blast.
The ogre collides with the centaur!
The centaur is lightly wounded.
The ogre is severely wounded.
* * * LOW HITPOINT WARNING * * *
The centaur shoots an arrow.
The arrow hits you.
* * * LOW HITPOINT WARNING * * *
The centaur shoots an arrow.
The arrow hits you!
You die...

...'...#.>#
...')..'..###
#########...###
.## #####..c.##
P.####.# ###...#
#.....## ##O.#
######.# ##.####
#.## #.....##
#).# ##.#@..##
#P.#.# #####).#
#.# ## ##).## ##
####).######
##............
#.............
##............#
###
#.............#
..##
##............##


You could see an ogre and a centaur.

Vanquished Creatures
  A cyclops (D:8)
  Maggie (D:6)
  The ghost of bencef the Grave Robber, a novice DENe (D:5)
  Grinder (D:3)
  A shadow (D:7)
  Sigmund (D:5)
  A black bear (D:6)
  2 orc warriors (D:8)
  2 ogres
  2 phantoms
  A kobold brigand (D:7)
  A gnoll sergeant (D:6)
  4 bullfrogs
  5 scorpions
  8 wights
  2 water moccasin zombies (Ossuary)
  5 killer bees (D:8)
  3 howler monkeys (D:7)
  A bullfrog zombie (Ossuary)
  A hound (D:5)
  3 orc priests
  2 gnoll boudas
  2 scorpion zombies (Ossuary)
  A sleepcap (D:5)
  3 iguanas
  4 orc wizards
  An ogre zombie (Ossuary)
  13 gnolls
  6 adders
  A shadow imp (D:7)
  A white imp (D:6)
  An ufetubus (D:7)
  5 adder zombies (Ossuary)
  2 worms (D:4)
  4 dart slugs
  26 orcs
  3 bats (D:3)
  9 endoplasms
  2 giant cockroaches
  8 goblins
  9 hobgoblins
  7 jackals
  8 kobolds
  3 quokkas
  11 ball pythons
  4 frilled lizards
  2 gnoll zombies (Ossuary)
  3 goblin zombies (Ossuary)
  9 hobgoblin zombies (Ossuary)
  An orc zombie (Ossuary)
  7 rats
205 creatures vanquished.

Vanquished Creatures (others)
  22 fulminant prisms
22 creatures vanquished.

Grand Total: 227 creatures vanquished

Notes
Turn   | Place    | Note
-------+----------+-------------------------------------------
     0 | D:1      | DwarfAlpaca the Djinni Conjurer began the quest for the
                  | Orb.
     0 | D:1      | DwarfAlpaca set off with the following spells memorised:
                  | Magic Dart, Searing Ray, Dazzling Flash, Fulminant Prism,
                  | Iskenderun's Mystic Blast.
     0 | D:1      | Reached XP level 1. HP: 15/15 MP: 0/0
    51 | D:1      | Reached XP level 2. HP: 17/21 MP: 0/0
   268 | D:1      | Reached XP level 3. HP: 19/25 MP: 0/0
   268 | D:1      | Learned a level 1 spell: Necrotise
   323 | D:1      | Reached skill level 4 in Spellcasting
   440 | D:1      | You are sucked into a shaft and drop 1 floor!
   562 | D:1      | Reached XP level 4. HP: 21/31 MP: 0/0
   945 | D:2      | Found a faded altar of an unknown god.
  1057 | D:2      | Found Jeanyi's Assorted Antiques.
  1418 | D:3      | Found an opulent altar of Gozag.
  1421 | D:3      | Found a blossoming altar of Fedhas.
  1479 | D:3      | Reached XP level 5. HP: 28/35 MP: 0/0
  1479 | D:3      | Learned a level 2 spell: Poisonous Vapours
  1545 | D:3      | Reached skill level 5 in Spellcasting
  1838 | D:3      | Noticed Grinder
  1957 | D:3      | Killed Grinder
  1958 | D:3      | Reached skill level 6 in Spellcasting
  1958 | D:3      | Reached XP level 6. HP: 25/40 MP: 0/0
  2052 | D:3      | Found a burning altar of Makhleb.
  2272 | D:4      | Reached XP level 7. HP: 41/45 MP: 0/0
  2272 | D:4      | Learned a level 2 spell: Static Discharge
  2715 | D:4      | Found a staircase to the Ecumenical Temple.
  2724 | Temple   | Entered the Ecumenical Temple
  2879 | D:5      | Entered Level 5 of the Dungeon
  2924 | D:5      | Reached skill level 7 in Spellcasting
  2934 | D:5      | Found a hazy altar of Hepliaklqana.
  2957 | D:5      | Reached XP level 8. HP: 46/50 MP: 0/0
  2967 | D:5      | Noticed Sigmund
  2996 | D:5      | Killed Sigmund
  3042 | D:5      | Found a glowing golden altar of the Shining One.
  3045 | D:5      | Became a worshipper of the Shining One
  3426 | D:5      | Found a runed translucent door.
  3429 | D:5      | Noticed bencef's ghost (novice DENe)
  3459 | D:5      | Killed bencef's ghost
  3460 | D:5      | Reached skill level 8 in Spellcasting
  3600 | D:6      | Found Irghaeji's Armour Shoppe.
  3630 | D:6      | Found a sand-covered staircase.
  3638 | Ossuary  | Entered an ossuary
  3645 | Ossuary  | Reached XP level 9. HP: 52/55 MP: 0/0
  3645 | Ossuary  | Learned a level 4 spell: Passage of Golubria
  3668 | Ossuary  | Reached * piety under the Shining One
  3784 | Ossuary  | Reached ** piety under the Shining One
  3858 | Ossuary  | Reached skill level 9 in Spellcasting
  3978 | Ossuary  | Noticed a silent spectre
  4023 | D:6      | Found a broken altar of Ashenzari.
  4415 | D:6      | Found a sacrificial altar of Ru.
  4520 | D:6      | Noticed Maggie
  4532 | D:6      | Killed Maggie
  4533 | D:6      | Reached skill level 10 in Spellcasting
  4594 | D:6      | Identified the +5 ring mail of Guavvigh {rN++ Int+4 Dex-3
                  | SInv}
  4950 | D:7      | Reached *** piety under the Shining One
  5067 | D:7      | Reached XP level 10. HP: 48/60 MP: 0/0
  5236 | D:7      | Found an iron altar of Okawaru.
  5401 | D:7      | Reached skill level 11 in Spellcasting
  6025 | D:8      | Found a white marble altar of Elyvilon.
  6123 | D:8      | Noticed a cyclops
  6139 | D:8      | Killed a cyclops
  6494 | D:8      | HP: 3/60 [centaur/arrow (4)]
  6495 | D:8      | Shot with an arrow by a centaur

Illustrated notes

Levels and vault maps discovered:
D:1:      tekkud_arrival_beachfront_property, layout_loops_cross
D:2:      layout_loops_ring, serial_shops, nicolae_shop_tiny_glass,
          hellmonk_ecumenical_altar_zigzags
D:3:      layout_loops_ring, mainiacjoe_overflow_catwalk, marbit_many_paths,
          fedhas_ov_isle_minmay, uniq_grinder
D:4:      layout_rooms, lemuel_temple_firewalk_b
D:5:      layout_basic, tso_oasis_becter, mainiacjoe_overflow_small_starburst,
          ebering_ghost_sewer_d, uniq_sigmund
D:6:      layout_layer_cave, kennysheep_little_box,
          ashenzari_conservatory_becter, enter_ossuary_5, serial_shops, shop,
          uniq_maggie
D:7:      layout_basic, okawaru_metal_pillars_1_2, minmay_between
D:8:      kennysheep_seaside_town, layout_cave_pods,
          nicolae_overflow_hidden_temple, small_chamber_with_monster
Temple:   nicolae_temple_godpark

Skill      XL: |  1  2  3  4  5  6  7  8  9 10 |
---------------+-------------------------------+-----
Spellcasting   | 4 6 7 8 10 11 | 11.8
Dodging        | |  2.1
Stealth        | |  1.5

Action                     |  1- 3 |  4- 6 |  7- 9 | 10-12 || total
---------------------------+-------+-------+-------+-------++-------
  Melee: Unarmed           |     9 |       |       |       ||     9
         Dagger            |       |       |    49 |       ||    49
         Punch             |       |       |     3 |       ||     3
         Scimitar          |       |       |       |    13 ||    13
   Cast: Magic Dart        |    20 |    23 |    40 |     7 ||    90
         Searing Ray       |    18 |    27 |    49 |    14 ||   108
         Poisonous Vapours |       |    11 |    24 |    30 ||    65
         Fulminant Prism   |       |     2 |    16 |     4 ||    22
         Iskenderun's Myst |       |       |    10 |     3 ||    13
   Stab: Sleeping          |     1 |       |       |       ||     1
 Armour: Robe              |     1 |    10 |    30 |       ||    41
         Steam dragon scal |       |       |     1 |     3 ||     4
  Dodge: Dodged            |     6 |    19 |    65 |    16 ||   106
